 Dungeon Crawl Stone Soup version 0.30-a0-800-g7c544603b3 (webtiles) character file.

Game seed: 15189407349891734627

160393 demibob the Slayer (level 17, -14/176 HPs)
             Began as a Minotaur Fighter on Feb 23, 2023.
             Was an Initiate of Gozag.
             Killed from afar by a shock serpent (20 damage)
             ... with a bolt of electricity
             ... on level 4 of the Snake Pit.
             The game lasted 00:58:20 (34987 turns).

demibob the Slayer (Minotaur Fighter)              Turns: 34987, Time: 00:58:20

Health: -14/176    AC: 16    Str: 21    XL:     17   Next: 18%
Magic:  16/16      EV: 15    Int:  7    God:    Gozag
Gold:   2293       SH:  5    Dex: 16    Spells: 16/16 levels left

rFire   . . .      SeeInvis .    a - +1 double sword (heavy)
rCold   . . .      Faith    .    (no shield)
rNeg    . . .      Spirit   .    b - +0 scale mail
rPois   +          Reflect  +    (helmet restricted)
rElec   .          Harm     .    J - scarf {repulsion}
rCorr   .          Rampage  .    n - +1 pair of gloves
Will    +....                    K - +0 pair of boots {Stlth+}
Stlth   +                        y - amulet of reflection
HPRegen 0.49/turn                P - ring of poison resistance
MPRegen 0.15/turn                E - +5 ring of evasion

@: constricted, repel missiles
A: horns 2, retaliatory headbutt
a: Renounce Religion, Potion Petition, Call Merchant, Bribe Branch


You were on level 4 of the Snake Pit.
You worshipped Gozag.
Gozag was most pleased with you.
You visited 5 branches of the dungeon, and saw 27 of its levels.

You collected 10178 gold pieces.
You spent 931 gold pieces at shops.
You paid 6954 gold pieces to Gozag.


Innate Abilities, Weirdness & Mutations

You have a pair of horns on your head.
You reflexively headbutt those who attack you in melee.


   Skills:
 + Level 22.1 Fighting
 + Level 17.7 Long Blades
 + Level 19.9 Armour
 - Level 6.6 Dodging
 - Level 3.6 Shields
 - Level 10.4 Evocations


You had 16 spell levels left.
You didn't know any spells.
Your spell library contained the following spells:

 Spells                   Type           Power      Damage    Failure   Level
 Necrotise                Necr           0%         1d4       63%         1
 Sandblast                Erth           0%         2d4       63%         1
 Slow                     Hex            0%         N/A       63%         1
 Summon Small Mammal      Summ           0%         N/A       63%         1
 Blink                    Tloc           0%         N/A       77%         2
 Passwall                 Tmut/Erth      0%         N/A       77%         2
 Call Canine Familiar     Summ           0%         N/A       94%         3
 Confusing Touch          Hex            0%         N/A       94%         3
 Gell's Gravitas          Tloc           0%         N/A       94%         3
 Ignite Poison            Fire/Tmut/Pois 0%         N/A       94%         3
 Inner Flame              Hex/Fire       0%         N/A       94%         3
 Kindle Blastsparks       Fire/Tloc/Air  0%         2d10      94%         3
 Portal Projectile        Hex/Tloc       0%         N/A       94%         3
 Stone Arrow              Conj/Erth      0%         3d7       94%         3
 Summon Guardian Golem    Hex/Summ       0%         N/A       94%         3
 Teleport Other           Tloc           0%         N/A       94%         3
 Tukima's Dance           Hex            0%         N/A       94%         3
 Vampiric Draining        Necr           0%         2d6       94%         3
 Vhi's Electric Charge    Tloc/Air       0%         N/A       94%         3
 Cause Fear               Hex            0%         N/A       100%        4
 Fulminant Prism          Conj/Hex       0%         3d5       100%        4
 Iskenderun's Mystic Bla  Conj/Tloc      0%         2d3       100%        4
 Agony                    Necr           0%         N/A       100%        5
 Blade Hands              Tmut           0%         N/A       100%        5
 Freezing Cloud           Conj/Ice/Air   0%         6-21      100%        5
 Lee's Rapid Deconstruct  Erth           0%         3d4*      100%        5
 Dispersal                Tloc           0%         N/A       100%        6
 Discord                  Hex            0%         N/A       100%        8

Inventory:

Hand Weapons
 a - a +1 heavy double sword (weapon)
 A - a +2 scimitar of flaming
Armour
 b - a +0 scale mail (worn)
 n - a +1 pair of gloves (worn)
 J - a scarf of repulsion (worn)
 K - a +0 pair of boots of stealth (worn)
Jewellery
 c - a ring of ice
 e - a +5 ring of evasion
 h - an amulet of regeneration
 y - an amulet of reflection (around neck)
 C - a ring of ice
 E - a +5 ring of evasion (right hand)
 F - a ring of protection from fire
 P - a ring of poison resistance (left hand)
 R - a ring of resist corrosion
 W - a ring of willpower
Wands
 m - a wand of polymorph (4)
 p - a wand of light (14)
 w - a wand of digging (20)
 N - a wand of charming (6)
 S - a wand of iceblast (1)
Scrolls
 j - 5 scrolls of fear
 k - 15 scrolls of identify {@r1}
 o - 10 scrolls of teleportation {@r2}
 q - a scroll of acquirement
 s - a scroll of blinking
 u - 6 scrolls of fog
 x - a scroll of enchant weapon
 B - 3 scrolls of poison
 G - 2 scrolls of enchant armour
 L - 3 scrolls of silence {!r}
 O - a scroll of magic mapping
Potions
 d - 3 potions of ambrosia
 g - a potion of curing {@q1}
 i - 3 potions of degeneration
 l - a potion of might
 r - 2 potions of haste {@q3}
 t - 6 potions of mutation
 v - 4 potions of lignification
 z - 4 potions of brilliance
 I - 2 potions of flight
 Q - a potion of invisibility
Miscellaneous
 f - a lightning rod (4/4)
 H - a box of beasts
 M - a phial of floods

Dungeon Overview and Level Annotations

Branches:
Dungeon (15/15)            Temple (1/1) D:7            Lair (5/5) D:9
  Swamp (0/4) Lair:2        Snake (4/4) Lair:3        Slime (0/5) Lair:4
    Orc (2/2) D:10            Elf (0/3) Orc:2        Vaults (0/5) D:13
 Depths (0/4) D:15

Altars:
Ashenzari
Cheibriados
Dithmenos
Elyvilon
Fedhas
Gozag
Hepliaklqana
Makhleb
Nemelex Xobeh
Okawaru
Qazlal
Sif Muna
Trog
Uskayaw
Vehumet
Yredelemnul
Zin
The Shining One

Shops:
D:8 [   D:9 [([   D:10 =   D:12 (*   D:14 [   Orc:2 ((:[*   Snake:1 (

Portals:
Trove: D:11 (give 2 scrolls of acquirement)

Annotations:
D:12 3 runed translucent doors, exclusion: obsidian statue, Strat's ghost, journeyman GnRe
D:14 3 runed translucent doors, exclusion: ice statue, Ynonecli's ghost, journeyman NaHu
Lair:3 3 runed translucent doors, Gesaczie's ghost, journeyman MiFi; Jeuts's ghost, journeyman MiFi
Snake:3 Roxanne
Snake:4 2 transporters, girl's ghost, adept SpHu

#... #....# ##...▒▒
#... #...# ##...▒
#...#####...#######..▒
#...#................▒
#....................#
#......▒▒▒▒▒▒▒▒▒....##
#.....▒▒SNN....▒▒)..#
#.....▒8S#N..#.8▒...#
#....@▒WNN#.#.N.▒...▒▒
#...NS▒NN.......▒.....
#....©▒N...©....▒©....
#.....▒.$.......▒.....
#.#...▒?..#.#...▒.....
#.#...▒8.#...#.8▒...▒▒
# .#..▒▒.......▒▒...#
......▒▒▒▒▒▒▒▒▒....#
........#


You could see a nagaraja (fast, catching breath), 2 naga sharpshooters, a naga
ritualist, a shock serpent, 2 black mambas, 2 naga magi, 3 nagas and girl's
ghost.


Message History

* * * LOW HITPOINT WARNING * * *
The nagaraja hits you with a +0 whip!
* * * LOW HITPOINT WARNING * * *
The nagaraja constricts you.
* * * LOW HITPOINT WARNING * * *
The shock serpent shoots out a bolt of lightning at you!
The bolt of electricity hits you!
* * * LOW HITPOINT WARNING * * *
You slice the nagaraja!!
The nagaraja is almost dead.
The nagaraja hits you with a +0 whip!
* * * LOW HITPOINT WARNING * * *
The nagaraja constricts you.
* * * LOW HITPOINT WARNING * * *
The shock serpent barely misses you.
You feel much better. The nagaraja hits you with a +0 whip!
* * * LOW HITPOINT WARNING * * *
The nagaraja constricts you.
* * * LOW HITPOINT WARNING * * *
The shock serpent bites you!
* * * LOW HITPOINT WARNING * * *
The shock serpent shocks you!
* * * LOW HITPOINT WARNING * * *
The nagaraja spits poison at you.
The splash of poison is repelled.
The nagaraja constricts you.
* * * LOW HITPOINT WARNING * * *
The shock serpent shoots out a bolt of lightning at you!
The bolt of electricity hits you!!
You die...
Your body crumbles into a pile of gold.

Skill      XL: |  1  2  3  4  5  6  7  8  9 10 11 12 13 14 15 16 17 |
---------------+----------------------------------------------------+-----
Long Blades    | 3 4 5 6 7 9 10 11 13 14 16 17 | 17.7
Fighting       | 5 6 9 11 15 18 20 21 22 | 22.1
Armour         | 5 8 12 15 17 19 | 19.9
Dodging        | 2 6 |  6.6
Evocations     | 5 9 10 | 10.4
Shields        | |  3.6

Action                     |  1- 3 |  4- 6 |  7- 9 | 10-12 | 13-15 | 16-18 || total
---------------------------+-------+-------+-------+-------+-------+-------++-------
  Melee: Long sword        |    93 |    95 |   225 |   256 |       |       ||   669
         Headbutt          |    17 |    14 |    33 |   100 |   324 |   114 ||   602
         Punch             |       |       |     2 |     4 |    12 |     4 ||    22
         Double sword      |       |       |       |   276 |  1338 |   455 ||  2069
 Invoke: Call Merchant     |       |       |       |     1 |     5 |     1 ||     7
  Evoke: Wand              |       |     3 |     5 |     3 |    16 |       ||    27
         Phial of floods   |       |       |       |     1 |       |       ||     1
    Use: Scroll            |     9 |     5 |     6 |    11 |    11 |     2 ||    44
         Potion            |       |     1 |     3 |     8 |    17 |     4 ||    33
   Stab: Distracted        |       |     1 |       |     3 |     6 |     4 ||    14
         Invisible         |       |     1 |     2 |     6 |     2 |       ||    11
         Petrifying        |       |       |       |     1 |       |       ||     1
         Petrified         |       |       |       |     1 |       |       ||     1
 Armour: Scale mail        |    55 |    39 |    68 |   131 |   393 |    86 ||   772
  Dodge: Dodged            |    56 |    40 |    83 |   348 |   943 |   439 ||  1909
         Repelled          |       |       |       |       |     4 |    49 ||    53
  Block: Other             |       |       |       |       |   237 |    98 ||   335
         Reflection        |       |       |       |       |     3 |    16 ||    19

Levels and vault maps discovered:
D:1:      spicycebolla_green_bress_n_ham_2, layout_loops_ring
D:2:      layout_loops_ring, wander_ebering_terrifying_dragon_lair
D:3:      layout_loops_cross, zin_treasury, nrook_mini_backslash, nrook_campfire
D:4:      cheibrodos_quashed, layout_rooms, grunt_temple_overflow_cloverleaf,
          st_stairs_11, hangedman_decor_opposing,
          chequers_serial_rivers_micro_a, mrwooster_statue_mirror,
          minmay_fractal_squares_gapless_5
D:5:      layout_cave_pods, uniq_eustachio, uniq_sigmund, uniq_pikel
D:6:      layout_loops_corners
D:7:      layout_rooms, mainiacjoe_overflow_large_starburst,
          minmay_temple_entry_wispy, uniq_joseph
D:8:      layout_basic, nicolae_hepliaklqana_monster_ancestors,
          nicolae_take_the_stairs, uniq_amaemon
D:9:      layout_basic, mainiacjoe_overflow_brackets, minmay_lair_entry_grove,
          uniq_maurice
D:10:     layout_gridville, jmf_multi_god_temple, erik_orc_4,
          minmay_fractal_squares_diagonal_5, uniq_josephine, uniq_psyche,
          uniq_erolcha, uniq_grum
D:11:     layout_roguey, nicolae_trove_entry_columns
D:12:     minmay_stepped, layout_loops_corners, ebering_ghost_gozag,
          nrook_guardian_serpent_double
D:13:     layout_basic, david_vaults_4
D:14:     layout_roguey, serial_park_avenue1, gammafunk_ghost_split,
          minmay_statue_bubble
D:15:     gammafunk_depths_entry_grave, layout_cave_pools,
          minmay_curled_crystal, portal_ice_cave_entry_ugly_swarm,
          nicolae_qazlal_style_of_elements
Temple:   nicolae_temple_bog_church
Lair:1:   layout_roguey, uniq_sonja
Lair:2:   layout_roguey, palyth_hydra_swamp_entry
Lair:3:   layout_loops_ring, minmay_snake_entry_six_corridors,
          gammafunk_ghost_cemetery, serial_bayou_shore_b
Lair:4:   layout_regular_city, slime_entry_1, nicolae_quartered_pool_impasse
Lair:5:   wormcave, layout_regular_city, serial_bayou_shore_a
Snake:1:  kennysheep_snake, layout_chambers, st_stairs_2, uniq_jorgrun
Snake:2:  layout_gridlike, grunt_ministairs_5
Snake:3:  layout_onion_interference, drop_trap, lemuel_fruit_tree, uniq_roxanne,
          uniq_aizul
Snake:4:  grunt_snake_rune_spirals, layout_concentric_octagons,
          gammafunk_ghost_arena, uniq_vashnia
Orc:1:    layout_diamond_mine
Orc:2:    st_orc_ogre_mass, layout_caves, serial_shops,
          nicolae_shop_overgrown_old_shop, uniq_azrael

Notes
Turn   | Place    | Note
-------+----------+-------------------------------------------
     0 | D:1      | demibob the Minotaur Fighter began the quest for the Orb.
     0 | D:1      | Reached XP level 1. HP: 19/19 MP: 0/0
   106 | D:1      | Reached skill level 3 in Long Blades
   157 | D:1      | Reached XP level 2. HP: 20/26 MP: 1/1
   412 | D:1      | Reached skill level 4 in Long Blades
   815 | D:2      | Reached XP level 3. HP: 31/31 MP: 2/2
  1223 | D:2      | Reached skill level 5 in Long Blades
  1338 | D:2      | Identified a scroll of acquirement
  1473 | D:3      | Reached XP level 4. HP: 37/39 MP: 3/3
  1740 | D:3      | Found a glowing silver altar of Zin.
  1954 | D:3      | Reached skill level 6 in Long Blades
  2375 | D:4      | Reached XP level 5. HP: 32/45 MP: 4/4
  2524 | D:4      | Got Sif Muna's Precepts of the Geodesic and Spellbinding
  2621 | D:4      | Found a snail-covered altar of Cheibriados.
  2624 | D:4      | Found a basalt altar of Yredelemnul.
  2627 | D:4      | Found a radiant altar of Vehumet.
  2630 | D:4      | Found a white marble altar of Elyvilon.
  2803 | D:4      | Reached skill level 7 in Long Blades
  2961 | D:4      | Reached XP level 6. HP: 51/51 MP: 5/5
  3048 | D:5      | Entered Level 5 of the Dungeon
  3066 | D:5      | Noticed an ice beast
  3068 | D:5      | Noticed Eustachio
  3101 | D:5      | Killed Eustachio
  3102 | D:5      | Reached skill level 8 in Long Blades
  3108 | D:5      | Reached skill level 9 in Long Blades
  3117 | D:5      | Killed an ice beast
  3118 | D:5      | Reached XP level 7. HP: 37/57 MP: 6/6
  3210 | D:5      | Noticed Sigmund
  3224 | D:5      | Killed Sigmund
  3225 | D:5      | Reached skill level 10 in Long Blades
  3604 | D:5      | Noticed Pikel
  3625 | D:5      | Killed Pikel
  3626 | D:5      | Reached skill level 5 in Fighting
  3626 | D:5      | Reached skill level 5 in Armour
  3626 | D:5      | Reached XP level 8. HP: 58/68 MP: 7/7
  3880 | D:5      | Reached skill level 11 in Long Blades
  4304 | D:6      | Reached skill level 6 in Fighting
  4440 | D:6      | Reached skill level 1 in Dodging
  4940 | D:6      | Reached skill level 2 in Dodging
  5029 | D:6      | Reached XP level 9. HP: 78/78 MP: 8/8
  5288 | D:7      | Reached skill level 7 in Fighting
  5288 | D:7      | Reached skill level 3 in Dodging
  5463 | D:7      | Reached skill level 12 in Long Blades
  5668 | D:7      | Reached skill level 4 in Dodging
  5769 | D:7      | Found a staircase to the Ecumenical Temple.
  5784 | Temple   | Entered the Ecumenical Temple
  5814 | Temple   | Became a worshipper of Gozag Ym Sagoz the Greedy
  6060 | D:7      | Noticed Joseph
  6078 | D:7      | Killed Joseph
  6079 | D:7      | Reached skill level 8 in Fighting
  6133 | D:7      | Reached skill level 5 in Dodging
  6275 | D:7      | Found a stormy altar of Qazlal.
  6283 | D:7      | Found a shadowy altar of Dithmenos.
  6485 | D:8      | Noticed Amaemon
  6485 | D:8      | Noticed an orange demon
  6738 | D:8      | Killed an orange demon
  6739 | D:8      | Reached skill level 9 in Fighting
  6739 | D:8      | Reached skill level 13 in Long Blades
  6739 | D:8      | Reached skill level 6 in Dodging
  6739 | D:8      | Reached XP level 10. HP: 74/91 MP: 9/9
  6752 | D:8      | Killed Amaemon
  6978 | D:8      | Found Imuil's Antique Armour Shop.
  7103 | D:8      | Found a hazy altar of Hepliaklqana.
  7110 | D:8      | Identified 2 potions of resistance
  7489 | D:9      | Found a blossoming altar of Fedhas.
  7554 | D:9      | Noticed Maurice
  7573 | D:9      | Killed Maurice
  7574 | D:9      | Reached skill level 10 in Fighting
  7682 | D:9      | Reached skill level 14 in Long Blades
  7698 | D:9      | Reached skill level 11 in Fighting
  7730 | D:9      | Reached XP level 11. HP: 70/102 MP: 10/10
  7833 | D:9      | Found a staircase to the Lair.
  8089 | D:9      | Noticed a two-headed ogre
  8100 | D:9      | Killed a two-headed ogre
  8101 | D:9      | Reached skill level 12 in Fighting
  8101 | D:9      | Reached skill level 15 in Long Blades
  8185 | D:9      | Noticed a two-headed ogre
  8244 | D:9      | Killed a two-headed ogre
  8883 | Lair:1   | Entered Level 1 of the Lair of Beasts
  8883 | Lair:1   | Noticed Sonja
  8900 | D:10     | Entered Level 10 of the Dungeon
  9282 | D:9      | Bought a glowing double sword for 612 gold pieces
  9312 | D:10     | Reached skill level 13 in Fighting
  9314 | D:10     | Noticed Josephine
  9320 | D:10     | Killed Josephine
  9321 | D:10     | Reached skill level 16 in Long Blades
  9369 | D:10     | Found a staircase to the Orcish Mines.
  9383 | D:10     | Reached skill level 14 in Fighting
  9438 | D:10     | Noticed Grum
  9450 | D:10     | Killed Grum
  9528 | D:10     | Identified the +0 pair of gloves of Eternal Vigilance
                  | {Rampage rC- Str+3 Stlth+}
  9712 | D:10     | Noticed Psyche
  9718 | D:10     | Killed Psyche
  9901 | D:10     | Reached skill level 15 in Fighting
  9901 | D:10     | Reached XP level 12. HP: 119/119 MP: 11/11
  9910 | D:10     | Noticed Erolcha
  9922 | D:10     | Killed Erolcha
 10008 | D:10     | Noticed a two-headed ogre
 10015 | D:10     | Killed a two-headed ogre
 10312 | D:10     | Found a shimmering blue altar of Sif Muna.
 10363 | D:10     | Found a broken altar of Ashenzari.
 10677 | D:11     | Reached skill level 16 in Fighting
 11316 | D:11     | Found a portal to a secret trove of treasure.
 11922 | D:12     | Found a runed translucent gate.
 11922 | D:12     | Found a runed translucent gate.
 11923 | D:12     | Found a runed translucent gate.
 11924 | D:12     | Found an opulent altar of Gozag.
 11924 | D:12     | Found Pomurhud's Assorted Antiques.
 11924 | D:12     | Noticed a tengu reaver
 11925 | D:12     | Noticed a centaur warrior
 11925 | D:12     | Noticed a fire giant
 11925 | D:12     | Noticed an ogre mage
 11925 | D:12     | Noticed Strat's ghost (journeyman GnRe)
 11941 | D:12     | Reached skill level 17 in Fighting
 12074 | D:12     | Noticed a two-headed ogre
 12083 | D:12     | Killed a two-headed ogre
 12370 | D:12     | Noticed a rakshasa
 12371 | D:12     | Noticed a boulder beetle
 12636 | D:12     | Killed a rakshasa
 12637 | D:12     | Reached skill level 6 in Armour
 12863 | D:12     | Noticed an ogre mage
 12876 | D:12     | Killed an ogre mage
 12877 | D:12     | Reached skill level 18 in Fighting
 12877 | D:12     | Reached skill level 7 in Armour
 13084 | D:13     | Noticed a five-headed hydra
 13208 | Lair:1   | Sonja changed into Sonja the hornet
 13208 | Lair:1   | Noticed Sonja
 13212 | Lair:1   | Killed Sonja the hornet
 13615 | Lair:1   | Reached skill level 8 in Armour
 13618 | Lair:1   | Reached XP level 13. HP: 101/135 MP: 12/12
 14035 | D:9      | Bought a pitted leather armour for 154 gold pieces
 14035 | D:9      | Identified the +1 leather armour of Indemnity {Harm *Slow
                  | rCorr} (You bought it in a shop on level 9 of the Dungeon)
 14036 | D:9      | Bought a pair of embroidered boots for 165 gold pieces
 14322 | Lair:2   | Reached skill level 9 in Armour
 14865 | Lair:2   | Reached skill level 19 in Fighting
 15283 | Lair:2   | Found a staircase to the Swamp.
 15379 | Lair:3   | Reached skill level 10 in Armour
 15923 | Lair:3   | Reached skill level 11 in Armour
 16289 | Lair:3   | Reached skill level 20 in Fighting
 16568 | Lair:3   | Reached skill level 12 in Armour
 16568 | Lair:3   | Found a staircase to the Snake Pit.
 16906 | Lair:3   | Found a runed translucent gate.
 16906 | Lair:3   | Found a runed translucent gate.
 16907 | Lair:3   | Found a runed translucent gate.
 16908 | Lair:3   | Noticed Jeuts's ghost (journeyman MiFi)
 16908 | Lair:3   | Noticed Gesaczie's ghost (journeyman MiFi)
 17200 | Lair:4   | Found a staircase to the Slime Pits.
 17316 | Lair:4   | Reached XP level 14. HP: 138/148 MP: 13/13
 18296 | Lair:5   | Entered Level 5 of the Lair of Beasts
 18335 | Lair:5   | Reached skill level 13 in Armour
 18662 | Lair:5   | Reached skill level 1 in Evocations
 19002 | Lair:5   | Reached skill level 2 in Evocations
 19400 | Lair:5   | Found a runed translucent door.
 19550 | Lair:5   | Paralysed by a hornet for 3 turns
 19584 | Lair:5   | Reached skill level 14 in Armour
 19587 | Lair:5   | Reached skill level 3 in Evocations
 20238 | D:13     | Reached skill level 4 in Evocations
 20771 | D:13     | Reached skill level 5 in Evocations
 20813 | D:13     | Reached skill level 15 in Armour
 21102 | D:13     | Found a gate to the Vaults.
 22365 | D:14     | Reached XP level 15. HP: 157/157 MP: 14/14
 22491 | D:14     | Noticed a frost giant
 22491 | D:14     | Noticed Ynonecli's ghost (journeyman NaHu)
 22503 | D:14     | Reached skill level 6 in Evocations
 22602 | D:14     | Found a runed translucent gate.
 22602 | D:14     | Found a runed translucent gate.
 22603 | D:14     | Found a runed translucent gate.
 22839 | D:15     | Entered Level 15 of the Dungeon
 22853 | D:15     | Found a staircase to the Depths.
 23040 | Orc:1    | Entered Level 1 of the Orcish Mines
 23307 | Orc:2    | Entered Level 2 of the Orcish Mines
 24026 | Orc:2    | Reached skill level 16 in Armour
 24029 | Orc:2    | Reached skill level 7 in Evocations
 24321 | Orc:2    | Paralysed by something for 4 turns
 24411 | Orc:2    | Noticed Azrael
 24618 | Orc:1    | Killed Azrael
 24876 | Orc:2    | Found Wykuar's Antique Weapon Shop.
 24885 | Orc:2    | Found Baedicum's Armour Shoppe.
 24885 | Orc:2    | Found Bomeg's Book Shop.
 24885 | Orc:2    | Found Tineuh's Antique Weapon Emporium.
 25035 | Orc:2    | Reached skill level 8 in Evocations
 25215 | Orc:2    | Found Zassafel's Assorted Antiques.
 25284 | Orc:2    | Found a staircase to the Elven Halls.
 25881 | D:14     | Reached skill level 17 in Armour
 26548 | Snake:1  | Entered Level 1 of the Snake Pit
 26917 | Snake:1  | Reached skill level 9 in Evocations
 27216 | Snake:1  | Noticed Jorgrun
 27237 | Snake:1  | Killed Jorgrun
 28108 | Snake:1  | Reached XP level 16. HP: 126/165 MP: 15/15
 28116 | Snake:1  | Reached skill level 18 in Armour
 28357 | Snake:1  | Reached skill level 10 in Evocations
 28815 | Snake:1  | Identified a +2 robe of resistance
 29402 | Snake:1  | Reached skill level 21 in Fighting
 31060 | Snake:2  | Reached skill level 19 in Armour
 32132 | Snake:3  | Noticed Roxanne
 32257 | Snake:3  | Reached skill level 17 in Long Blades
 32273 | Snake:3  | Noticed Aizul
 32285 | Snake:3  | Killed Aizul
 34036 | Snake:4  | Entered Level 4 of the Snake Pit
 34358 | Snake:4  | Reached XP level 17. HP: 176/176 MP: 16/16
 34412 | Snake:4  | Noticed Vashnia
 34458 | Snake:4  | Killed Vashnia
 34459 | Snake:4  | Reached skill level 22 in Fighting
 34931 | Snake:4  | Noticed girl's ghost (adept SpHu)
 34932 | Snake:4  | Found a transporter.
 34967 | Snake:4  | Found a transporter.
 34987 | Snake:4  | HP: 9/176 [shock serpent (14)]
 34987 | Snake:4  | Killed from afar by a shock serpent

Vanquished Creatures
  Vashnia (Snake:4)
  Jorgrun (Snake:1)
  3 nagarajas (Snake:4)
  Aizul (Snake:3)
  Azrael (Orc:1)
  A fire dragon (D:13)
  Josephine (D:10)
  An ice dragon (Lair:5)
  Erolcha (D:10)
  A rakshasa (D:12)
  6 hydras
  11 anacondas
  16 two-headed ogres
  4 centaur warriors
  5 ogre magi
  4 boulder beetles
  4 death yaks (Lair:3)
  A tengu warrior (D:14)
  12 naga warriors
  16 naga sharpshooters
  2 shock serpents
  A skyshark (shapeshifter) (D:13)
  A skyshark (Lair:2)
  A deep elf knight (D:12)
  Amaemon (D:8)
  7 naga ritualists
  2 lindwurms (Lair:5)
  Pikel (D:5)
  An orc knight (Orc:2)
  18 mana vipers
  A deep elf pyromancer (D:12)
  4 cyclopes
  A salamander (shapeshifter) (D:12)
  13 ugly things
  A manticore (D:11)
  6 salamanders
  38 black mambas
  4 guardian serpents
  Maurice (D:9)
  An orange demon (D:8)
  10 elephants
  Joseph (D:7)
  21 naga magi
  6 torpor snails
  6 cane toads
  Psyche (D:10)
  3 rime drakes
  10 komodo dragons
  An efreet (D:13)
  2 unseen horrors
  2 tengu conjurers
  5 trolls
  3 polar bears
  21 blink frogs
  3 tyrant leeches (Lair:5)
  12 hornets
  A spriggan zombie (D:15)
  19 dream sheep
  3 slime creatures (D:12)
  Sigmund (D:5)
  3 vampires
  4 shadows
  9 wraiths
  51 yaks
  A human (D:10)
  Grum (D:10)
  9 wyverns
  5 basilisks
  3 fire elementals
  8 vampire mosquitoes (D:13)
  Eustachio (D:5)
  3 steam dragons
  3 wargs
  65 nagas
  2 acid dragons
  22 water moccasins
  5 hell hounds
  A sky beast (D:7)
  17 orc warriors
  2 black bears
  4 ice beasts
  29 ogres
  10 wolves
  7 centaurs
  A lemure (D:5)
  2 necrophages
  4 kobold brigands
  3 bullfrogs
  2 scorpions
  8 wights
  9 killer bees
  7 howler monkeys
  An electric eel (D:8)
  A jelly (D:4)
  2 hounds
  13 orc priests
  2 gnoll boudas
  3 iguanas
  16 orc wizards
  11 adders
  9 gnolls
  3 white imps
  2 worms
  3 dart slugs
  57 orcs
  6 bats
  6 endoplasms
  3 giant cockroaches
  10 goblins
  5 hobgoblins
  2 quokkas
  12 ball pythons
  7 frilled lizards
  25 kobolds
  2 rats
  A spectral kobold (D:8)
830 creatures vanquished.

Vanquished Creatures (others)
  A shadow wraith (D:13)
  An orc (D:10)
  17 fungi
  52 plants
  18 withered plants
89 creatures vanquished.

Grand Total: 919 creatures vanquished

Table legend: (Time is in decaauts)
 A = Elapsed time spent in this place.
 B = Non-inter-level travel time spent in this place.
 C = Inter-level travel time spent in this place.
 D = Time resting spent in this place.
 E = Time spent auto-exploring this place.
 F = Levels seen in this place.
 G = Mean time per level.
                   A        B        C        D        E       F      G
               +--------+--------+--------+--------+--------+-----+--------+
         Total |  34714 |  32819 |   1895 |   5923 |  21398 |  27 | 1285.7 |
       Dungeon |  16822 |  15624 |   1198 |   2335 |  10734 |  15 | 1121.5 |
        Temple |     37 |     30 |      7 |      0 |     24 |   1 |   37.0 |
          Lair |   6815 |   6370 |    445 |    404 |   4799 |   5 | 1363.0 |
     Snake Pit |   8457 |   8373 |     84 |   2305 |   4781 |   4 | 2114.2 |
  Orcish Mines |   2581 |   2422 |    159 |    878 |   1058 |   2 | 1290.5 |
               +--------+--------+--------+--------+--------+-----+--------+

Top non-repeatable levels by time:
 Snake:1: 3873 daAuts
 Snake:3: 2028 daAuts
    D:10: 1800 daAuts
    D:12: 1722 daAuts
 Snake:2: 1663 daAuts
  Lair:5: 1660 daAuts
    D:14: 1605 daAuts
  Lair:3: 1566 daAuts
    D:13: 1521 daAuts
  Lair:2: 1500 daAuts
     D:9: 1498 daAuts
   Orc:1: 1443 daAuts
     D:7: 1308 daAuts
    D:11: 1140 daAuts
     D:6: 1138 daAuts

Table legend:
 A = Non-vault XP
 B = Vault XP
 C = Vault XP percentage of total XP
 D = Non-vault monster count
 E = Vault monster count
 F = Vault count percentage of total count
                 A         B        C        D         E       F
            +---------+---------+-------+---------+---------+-------
      Total |  144940 |   84193 |  36.7 |     614 |     216 |  26.0
            +---------+---------+-------+---------+---------+-------
        D:1 |      34 |       0 |   0.0 |      21 |       0 |   0.0
        D:2 |      46 |       1 |   2.1 |      17 |       1 |   5.6
        D:3 |     101 |       0 |   0.0 |      27 |       0 |   0.0
        D:4 |      20 |     197 |  90.8 |       4 |       9 |  69.2
        D:5 |     415 |    1015 |  71.0 |      19 |       3 |  13.6
        D:6 |    1103 |       0 |   0.0 |      19 |       0 |   0.0
        D:7 |    1523 |     434 |  22.2 |      19 |       1 |   5.0
        D:8 |     993 |    1211 |  54.9 |      22 |       4 |  15.4
        D:9 |    5103 |    2830 |  35.7 |      31 |      14 |  31.1
       D:10 |    2985 |    6782 |  69.4 |      20 |      34 |  63.0
       D:11 |    2720 |       0 |   0.0 |      17 |       0 |   0.0
       D:12 |    4201 |    3448 |  45.1 |      13 |       5 |  27.8
       D:13 |    6738 |    2034 |  23.2 |      18 |       3 |  14.3
       D:14 |    8862 |       0 |   0.0 |      14 |       0 |   0.0
       D:15 |    2821 |    1315 |  31.8 |       6 |       3 |  33.3
     Lair:1 |    4040 |     298 |   6.9 |      18 |       1 |   5.3
     Lair:2 |    6037 |    2146 |  26.2 |      21 |       4 |  16.0
     Lair:3 |   12100 |    3504 |  22.5 |      37 |      13 |  26.0
     Lair:4 |    6451 |       0 |   0.0 |      22 |       0 |   0.0
     Lair:5 |   11371 |    7374 |  39.3 |      37 |      19 |  33.9
    Snake:1 |   21212 |   19974 |  48.5 |      49 |      38 |  43.7
    Snake:2 |   16208 |    2386 |  12.8 |      36 |       5 |  12.2
    Snake:3 |   18185 |    1220 |   6.3 |      38 |       1 |   2.6
    Snake:4 |    6820 |    9698 |  58.7 |      20 |      10 |  33.3
      Orc:1 |    2442 |    1831 |  42.9 |      37 |       6 |  14.0
      Orc:2 |    2409 |   16495 |  87.3 |      32 |      42 |  56.8
            +---------+---------+-------+---------+---------+-------
